 Dungeon Crawl Stone Soup version 0.31-a0-986-g5e6e4ef867 (webtiles) character file.

Game seed: 967344391487468025

53 Lobster4 the Ruffian (level 3, -4/33 HPs)
             Began as a Ghoul Monk on Nov 6, 2023.
             Slain by a gnoll
             ... wielding a +0 spear
              (8 damage)
             ... on level 2 of the Dungeon.
             The game lasted 00:04:06 (822 turns).

Lobster4 the Ruffian (Ghoul Monk)                    Turns: 822, Time: 00:04:07

Health: -4/33      AC:  2    Str: 16    XL:     3   Next: 87%
Magic:  0/2        EV: 12    Int:  5    God:
Gold:   30         SH:  0    Dex: 11    Spells: 2/2 levels left

rFire   . .          .
                       - Unarmed
rCold   + . .        c - orb {light}
rNeg    + + +        a - +0 robe
rPois   ∞            (no helmet)
rElec   .            (no cloak)
rCorr   .            (no gloves)
SInv    .            (no boots)
Will    .....        i - amulet of guardian spirit
Stlth   +            (no ring)
HPRegen 0.00/turn    (no ring)
MPRegen 0.08/turn

%: guardian spirit
@: inhibited regen, glowing
A: claws 1, cold resistance 1, negative energy resistance 3, inhibited
regeneration, torment resistance 2, devour on kill
a: no special abilities


You were on level 2 of the Dungeon.
You visited 1 branch of the dungeon, and saw 2 of its levels.

You collected 30 gold pieces.

Inventory:

Hand Weapons
 b - a +0 sling
 d - a +0 quarterstaff
Missiles
 e - 11 stones
Armour
 a - a +0 robe (worn)
 c - an orb of light (worn)
Jewellery
 i - an amulet of guardian spirit (around neck)
Scrolls
 g - a scroll of vulnerability {unknown}
 j - a scroll of acquirement {unknown}
Potions
 f - a potion of ambrosia
 h - 2 potions of attraction {unknown}
 k - a potion of invisibility {unknown}


   Skills:
 + Level 3.8 Fighting
 + Level 0.3 Armour
 + Level 3.1 Dodging
 + Level 4.2 Unarmed Combat


You had 2 spell levels left.
You didn't know any spells.
Your spell library contained the following spells:

 Spells                   Type           Power      Damage    Failure   Level
 Gell's Gravitas          Tloc           0%         N/A       85%         3
 Teleport Other           Tloc           0%         N/A       85%         3
 Alistair's Intoxication  Tmut/Pois      0%         N/A       100%        5
 Borgnjor's Vile Clutch   Necr/Erth      0%         N/A       100%        5
 Dispersal                Tloc           0%         N/A       100%        6
 Eringya's Noxious Bog    Tmut/Pois      0%         4d6       100%        6


Dungeon Overview and Level Annotations

Branches:
Dungeon (2/15)

Altars:

Shops:
D:1 ?


Innate Abilities, Weirdness & Mutations

You are immune to poison.
You have sharp fingernails.
Your flesh is cold resistant. (rC+)
You are immune to negative energy. (rN+++)
You do not regenerate when monsters are visible.
You are immune to unholy pain and torment.
You thrive by killing the living.


Message History

Throw: 15 stones
Press: ? - help, Shift-Dir - straight line, f/p - gnoll
Aim: a gnoll, wielding a +0 spear (56% to hit)
You throw a stone. The stone barely misses the gnoll.
Throw: 14 stones
Press: ? - help, Shift-Dir - straight line, f/p - gnoll
Aim: a gnoll, wielding a +0 spear (56% to hit)
You throw a stone.
The stone hits the gnoll but does no damage.
A gnoll comes into view. It is wielding a +0 spear.
Throw: 13 stones
Press: ? - help, Shift-Dir - straight line, f/p - gnoll
Aim: a gnoll, wielding a +0 spear (haloed, 79% to hit)
You throw a stone. The gnoll shouts!
The stone hits the gnoll but does no damage.
Throw: 12 stones
Press: ? - help, Shift-Dir - straight line, f/p - gnoll
Aim: a gnoll, wielding a +0 spear (haloed, 79% to hit)
You throw a stone. The stone hits the gnoll.
The gnoll is lightly wounded.
The gnoll closely misses you. The gnoll hits you with a +0 spear.
There is an escape hatch in the floor here.
You barely miss the gnoll.
The gnoll is lightly wounded.
The gnoll closely misses you.
You scratch the gnoll.
The gnoll is lightly wounded.
The gnoll hits you with a +0 spear.
The gnoll hits you from afar with a +0 spear!
You completely miss the gnoll.
The gnoll is lightly wounded.
The gnoll hits you with a +0 spear.
The gnoll hits you from afar with a +0 spear!
* * * LOW HITPOINT WARNING * * *
You are too injured to fight recklessly!
You are too injured to fight recklessly!
The gnoll hits you from afar with a +0 spear!
You die... .# .# .# .# .# .# .# .######################## ................@>gg...!. #########################

You could see 2 gnolls.

Vanquished Creatures
  A gnoll (D:1)
  3 dart slugs (D:1)
  3 ball pythons (D:1)
  6 endoplasms (D:1)
  2 giant cockroaches (D:1)
  3 goblins (D:1)
  A hobgoblin (D:1)
  4 jackals (D:2)
  3 quokkas (D:1)
  A bat (D:1)
  3 kobolds (D:1)
  2 rats (D:1)
32 creatures vanquished.

Notes
Turn   | Place    | Note
-------+----------+-------------------------------------------
     0 | D:1      | Lobster4 the Ghoul Monk began the quest for the Orb.
     0 | D:1      | Reached XP level 1. HP: 19/19 MP: 0/0
   108 | D:1      | Reached XP level 2. HP: 26/26 MP: 1/1
   173 | D:1      | Reached XP level 3. HP: 29/31 MP: 2/2
   175 | D:1      | Reached skill level 4 in Unarmed Combat
   446 | D:1      | Found The Oracle's Delphic Readings.
   822 | D:2      | Slain by a gnoll

Illustrated notes

Levels and vault maps discovered:
D:1:      dpeg_arrival_pits, layout_loops_cross, nicolae_nh_oracle_at_delphi
D:2:      layout_basic

Skill      XL: |  1  2  3 |
---------------+----------+-----
Dodging        | 3 |  3.1
Unarmed Combat | 4 |  4.2
Fighting       | |  3.8
Armour         | |  0.3

Action                     || total
---------------------------++-------
  Melee: Unarmed           ||    69
  Throw: Stone             ||     5
 Armour: Robe              ||    23
  Dodge: Dodged            ||    39

Table legend: (Time is in decaauts)
 A = Elapsed time spent in this place.
 B = Non-inter-level travel time spent in this place.
 C = Inter-level travel time spent in this place.
 D = Time resting spent in this place.
 E = Time spent auto-exploring this place.
 F = Levels seen in this place.
 G = Mean time per level.
                   A        B        C        D        E       F      G
               +--------+--------+--------+--------+--------+-----+--------+
         Total |    817 |    804 |     13 |      0 |    638 |   2 |  408.5 |
       Dungeon |    817 |    804 |     13 |      0 |    638 |   2 |  408.5 |
               +--------+--------+--------+--------+--------+-----+--------+

Top non-repeatable levels by time:
     D:1: 691 daAuts
     D:2: 126 daAuts
